 Dungeon Crawl Stone Soup version 0.28-a0-1234-g826d19b2e0 (webtiles) character file.

Game seed: 16901884716572442537

46 SensoryNuts the Ducker (level 3, -1/36 HPs)
             Began as a Troll Fighter on Dec 23, 2021.
             Slain by Natasha (8 damage)
             ... on level 3 of the Dungeon.
             The game lasted 00:01:22 (806 turns).

SensoryNuts the Ducker (Troll Fighter)               Turns: 806, Time: 00:01:23

Health: -1/36      AC:  4    Str: 26    XL:     3   Next: 46%
Magic:  2/2        EV:  8    Int: 10    God:
Gold:   390        SH:  8    Dex:  9    Spells: 2/2 levels left

rFire   . . .      SeeInvis .   a - +0 flail
rCold   . . .      Faith    .   c - +1 kite shield
rNeg    . . .      Spirit   .   b - +0 robe
rPois   .          Reflect  .   (helmet restricted)
rElec   .          Harm     .   (no cloak)
rCorr   .          Rampage  .   (gloves unavailable)
Will    .....                   (boots unavailable)
Stlth   +.........              (no amulet)
HPRegen 0.92/turn               g - +6 ring of intelligence
MPRegen 0.08/turn               (no ring)

@: mighty, slowed, very slow
A: large, unfitting armour, claws 3, regeneration 1, shaggy fur 1, tough skin 1
a: no special abilities


You were on level 3 of the Dungeon.
You visited 1 branch of the dungeon, and saw 3 of its levels.

You collected 390 gold pieces.

Inventory:

Hand Weapons
 a - a +0 flail (weapon)
Armour
 b - a +0 robe (worn)
 c - a +1 kite shield (worn)
Jewellery
 g - a +6 ring of intelligence (left claw)
Potions
 d - 2 potions of might
 h - a potion of flight


   Skills:
 + Level 2.8 Fighting
 + Level 2.3 Maces & Flails
 + Level 2.9 Dodging
 + Level 2.6 Shields


You had 2 spell levels left.
You didn't know any spells.
Your spell library contained the following spells:

 Spells                   Type           Power      Damage    Failure   Level
 Magic Dart               Conj           0%         1d3       83%         1
 Call Imp                 Summ           0%         N/A       92%         2
 Ensorcelled Hibernation  Hex/Ice        0%         N/A       92%         2
 Mephitic Cloud           Conj/Pois/Air  0%         N/A       99%         3
 Tukima's Dance           Hex            0%         N/A       99%         3


Dungeon Overview and Level Annotations

Branches:
Dungeon (3/15)

Altars:

Annotations:
D:2 Sigmund
D:3 Natasha


Innate Abilities, Weirdness & Mutations

You are too large for most types of armour.
You have claws for hands.
Your natural rate of healing is unusually fast.
You are covered in fur. (AC +1)
You have tough skin. (AC +1)


Message History

You kill the endoplasm!
The kobold hits you but does no damage. You block the kobold's attack.
Unknown command.
You sock the kobold!
You kill the kobold!
You block the adder's attack.
You barely miss the adder. The adder bites you but does no damage.
You block the adder's attack. The shadow imp puffs mist at you.
The adder bites you.
Natasha wildly gestures.
You feel disoriented.
You miss the adder.
You feel yourself speed up. The adder bites you but does no damage.
The crimson imp blinks!
The adder bites you.
* * * LOW HITPOINT WARNING * * *
You are poisoned.
The adder poisons you! You block the adder's attack.
You miss the adder.
You feel very sick. You block the adder's attack.
The crimson imp blinks!
The adder bites you but does no damage.
You closely miss the adder.
You feel sick.
The crimson imp disappears in a puff of smoke!
The shadow imp disappears in a puff of smoke!
The adder bites you.
* * * LOW HITPOINT WARNING * * *
You block the adder's attack.
You sock the adder!
You kill the adder!
You feel sick. Natasha casts a spell at you.
You feel yourself slow down.
You hit Natasha.
Natasha is moderately wounded.
You feel sick.
You are no longer poisoned.
Natasha claws you!
You die...

. . .. #. ... #.
.. ##.# .# . ...
#.###..
#.##.####.......
#....@h...#.....
###..##.....#
##.#...####
#...<.#
............#
.........####
..........
...........
............


You could see Natasha.

Vanquished Creatures
  An adder (D:3)
  A dart slug (D:1)
  2 ball pythons (D:1)
  4 endoplasms
  2 giant cockroaches (D:1)
  2 goblins (D:1)
  2 hobgoblins (D:1)
  3 jackals (D:1)
  5 kobolds
  3 quokkas
  2 bats (D:1)
  2 frilled lizards (D:1)
  2 rats (D:1)
31 creatures vanquished.

Notes
Turn   | Place    | Note
-------+----------+-------------------------------------------
     0 | D:1      | SensoryNuts the Troll Fighter began the quest for the Orb.
     0 | D:1      | Reached XP level 1. HP: 22/22 MP: 0/0
    76 | D:1      | Reached XP level 2. HP: 29/29 MP: 1/1
   256 | D:1      | Found a faded altar of an unknown god.
   427 | D:1      | Reached XP level 3. HP: 36/36 MP: 2/2
   752 | D:1      | Identified a scroll of acquirement
   752 | D:1      | Acquired 366 gold pieces
   783 | D:2      | Noticed Sigmund
   783 | D:2      | Noticed Natasha
   806 | D:3      | Slain by Natasha

Illustrated notes

Levels and vault maps discovered:
D:1:      matt_arrival_grand_opening, layout_basic,
          shapermc_ecumenical_altar_starsandcircs, serial_rivers,
          chequers_serial_rivers_micro_a, chequers_serial_rivers_marsh,
          chequers_serial_rivers_micro_a, chequers_serial_rivers_room_a,
          chequers_serial_rivers_small_3, chequers_serial_rivers_room_a,
          moated_statue
D:2:      layout_rooms, basic_altar, uniq_sigmund, uniq_natasha
D:3:      layout_rooms

Skill      XL: |  1  2 |
---------------+-------+-----
Maces & Flails | 2 |  2.3
Fighting       | |  2.8
Dodging        | |  2.9
Shields        | |  2.6

Action                   || total
-------------------------++-------
Melee: Flail             ||   103
  Use: Scroll            ||     5
       Potion            ||     4
Armor: Robe              ||    52
Dodge: Dodged            ||    41
Block: Kite shield       ||    63

Table legend: (Time is in decaauts)
 A = Elapsed time spent in this place.
 B = Non-inter-level travel time spent in this place.
 C = Inter-level travel time spent in this place.
 D = Time resting spent in this place.
 E = Time spent auto-exploring this place.
 F = Levels seen in this place.
 G = Mean time per level.
                   A        B        C        D        E       F      G
               +--------+--------+--------+--------+--------+-----+--------+
         Total |    872 |    864 |      8 |      0 |    598 |   3 |  290.7 |
       Dungeon |    872 |    864 |      8 |      0 |    598 |   3 |  290.7 |
               +--------+--------+--------+--------+--------+-----+--------+

Top non-repeatable levels by time:
     D:1: 835 daAuts
     D:3: 26 daAuts
     D:2: 9 daAuts
